AoeStats
← Bombacı Mülayim

Fortress

509945019Analyzed
4v4 RM · 2d ago on Sep 28, 2026· 56m 8s· 8 players
Game mode
Random Map
Map size
Huge
Population
200
Speed
Normal
Resources
Standard
Victory
Conquest
Starting age
Dark Age
Ending age
Imperial Age
RankedLock teamsTeams togetherTeam positionsShared explorationLock speedFull tech treeHidden civsTurbo modeCheats
Victory
Defeat
🇦🇷 Celts · Argentina
1454
+15
🇦🇷 Malay · Argentina
1449
+15
🇦🇷 Dravidians · Argentina
1422
+16
🇦🇷 Armenians · Argentina
1408
+17
🇹🇷 Georgians · Türkiye
1452
-16
🇳🇴 Japanese · Norway
1439
-16
🇭🇺 Romans · Hungary
1422
-16
🇺🇸 Bengalis · United States
1418
-15
absurd
7:25 Feudal Age
11:06 Castle Age
9:12 Double-Bit Axe
9:28 Horse Collar
12:46 Bow Saw
15:14 Wheelbarrow
14:45 Town Watch
17:00 Loom
21:09 Heavy Plow
24:37 Town Patrol
24:53 Hand Cart
28:28 Imperial Age
26:03 Fletching
26:14 Padded Archer Armor
26:59 Fortified Wall
27:15 Ballistics
27:03 Bodkin Arrow
28:13 Leather Archer Armor
28:44 Elite Elephant Archer
30:35 Chemistry
30:05 Conscription
30:36 Bracer
31:06 Ring Archer Armor
30:54 Bloodlines
30:44 Husbandry
30:52 Light Cavalry
32:28 Paiks
33:13 Scale Barding Armor
33:18 Forging
36:55 Chain Barding Armor
37:11 Iron Casting
38:26 Plate Barding Armor
39:15 Siege Elephant
40:33 Elite Skirmisher
42:31 Blast Furnace
42:06 Mahayana
42:40 Gold Mining
42:41 Stone Mining
43:55 Ring Archer Armor
45:57 Two-Man Saw
45:31 Crop Rotation
46:06 Onager
47:43 Scale Mail Armor
50:54 Chain Mail Armor
50:16 Pikeman
50:44 Halberdier
54:26 Crossbowman
huninter
Bombacı Mülayim
7:52 Feudal Age
11:40 Castle Age
9:50 Double-Bit Axe
11:05 Horse Collar
13:09 Heavy Plow
13:27 Bow Saw
15:23 Loom
18:14 Wheelbarrow
19:22 Hand Cart
21:13 Town Watch
22:17 Forging
26:07 Imperial Age
23:54 Husbandry
24:50 Bloodlines
24:48 Scale Barding Armor
25:49 Chain Barding Armor
27:10 Conscription
28:01 Plate Barding Armor
28:37 Forging
29:04 Fletching
32:14 Svan Towers
32:50 Elite Monaspa
34:53 Iron Casting
36:31 Caravan
38:06 Blast Furnace
39:02 Onager
39:32 Elite Skirmisher
43:00 Siege Engineers
43:20 Ballistics
44:00 Chemistry
43:41 Siege Onager
Sasha The Bunny
7:38 Feudal Age
11:48 Castle Age
9:32 Horse Collar
9:52 Double-Bit Axe
12:55 Loom
13:31 Bow Saw
13:29 Heavy Plow
18:31 Wheelbarrow
17:46 Town Watch
20:13 Masonry
20:55 Hand Cart
21:29 Scale Mail Armor
21:39 Forging
22:57 Ballistics
22:19 Treadmill Crane
22:57 Chain Mail Armor
22:33 Fletching
22:47 Pikeman
23:27 Squires
23:47 Yasama
24:40 Iron Casting
25:19 Guard Tower
26:09 Gold Mining
26:13 Stone Mining
27:00 Bodkin Arrow
27:18 Fortified Wall
27:07 Murder Holes
30:47 Imperial Age
30:47 Elite Samurai
31:49 Conscription
32:00 Plate Mail Armor
32:36 Hoardings
32:48 Keep
32:53 Arrowslits
32:59 Man-at-Arms
33:07 Halberdier
34:11 Bracer
38:40 Chemistry
40:28 Blast Furnace
42:54 Siege Engineers
46:06 Kataparuto
47:04 Coinage
Politox
7:52 Feudal Age
7:58 Horse Collar
8:04 Double-Bit Axe
12:53 Castle Age
12:42 Bow Saw
14:54 Heavy Plow
17:36 Wheelbarrow
16:51 Loom
16:54 Town Watch
19:48 Gold Mining
19:51 Stone Mining
21:45 Hand Cart
22:36 Gold Shaft Mining
22:38 Stone Shaft Mining
21:44 Pikeman
22:25 Squires
21:45 Man-at-Arms
22:11 Arson
22:38 Town Patrol
24:07 Forging
27:09 Imperial Age
24:15 Long Swordsman
24:39 Treadmill Crane
25:13 Masonry
25:24 Ballistics
25:44 Iron Casting
26:00 Fletching
27:36 Blast Furnace
25:59 Halberdier
26:02 Capped Ram
26:55 Siege Engineers
26:25 Two-Handed Swordsman
27:33 Conscription
27:33 Bodkin Arrow
28:18 Forced Levy
29:31 Bracer
30:38 Chemistry
29:52 Padded Archer Armor
31:10 Leather Archer Armor
31:30 Thumb Ring
30:58 Elite Skirmisher
32:46 Ring Archer Armor
32:33 Scale Barding Armor
33:16 Crop Rotation
36:37 Guilds
36:28 Caravan
36:59 Coinage
36:30 Light Cavalry
37:12 Husbandry
40:23 Banking
44:08 Elite Battle Elephant
45:04 Murder Holes
Mr_Yo Yi
7:50 Feudal Age
8:50 Double-Bit Axe
11:32 Castle Age
9:16 Horse Collar
12:28 Bow Saw
12:19 Heavy Plow
16:34 Town Watch
18:55 Wheelbarrow
21:13 Hand Cart
27:18 Imperial Age
24:35 Loom
24:49 Stone Mining
24:49 Gold Mining
25:43 Fletching
25:53 Padded Archer Armor
26:08 Town Patrol
26:38 Caravan
28:04 Thumb Ring
27:55 Bodkin Arrow
28:15 Leather Archer Armor
28:04 Elite Elephant Archer
28:46 Bracer
29:48 Chemistry
29:08 Ballistics
30:45 Two-Man Saw
30:20 Ring Archer Armor
31:10 Husbandry
31:37 Conscription
34:03 Masonry
35:14 Hoardings
35:46 Fortified Wall
40:27 Guilds
40:48 Coinage
46:42 Banking
49:30 Elite Urumi Swordsman
50:31 Wootz Steel
52:28 Siege Elephant
Chauchh
8:04 Feudal Age
8:51 Double-Bit Axe
9:29 Horse Collar
11:53 Castle Age
13:23 Loom
19:49 Heavy Plow
20:06 Bow Saw
24:02 Imperial Age
21:33 Gold Mining
23:13 Wheelbarrow
22:40 Scale Mail Armor
22:50 Forging
23:44 Chain Mail Armor
24:07 Capped Ram
25:59 Conscription
26:10 Plate Mail Armor
27:07 Iron Casting
26:11 Pikeman
26:46 Halberdier
30:30 Blast Furnace
32:33 Siege Ram
33:36 Elite Woad Raider
34:52 Hoardings
37:41 Arson
42:10 Hand Cart
41:40 Town Watch
42:53 Fletching
44:09 Onager
44:29 Man-at-Arms
44:55 Gambesons
46:36 Chemistry
46:14 Siege Engineers
46:15 Bodkin Arrow
46:18 Murder Holes
46:33 Masonry
47:20 Ballistics
48:06 Siege Onager
49:16 Furor Celtica
50:39 Hoardings
[KoA]M4GNO
Connection lost

Rejoining the realm…

Still unreachable

The connection could not be restored.

Session expired

The server has moved on; the page needs a fresh start.